AoeStats
← thdung17

Arena

509309263Analyzed
1v1 RM · 7d ago on Sep 26, 2026· 22m 59s· 2 players
Game mode
Random Map
Map size
Tiny (2 player)
Population
200
Speed
Normal
Resources
Standard
Victory
Conquest
Starting age
Dark Age
Ending age
Imperial Age
RankedLock teamsTeams togetherTeam positionsShared explorationLock speedFull tech treeHidden civsTurbo modeCheats
Victory
Defeat
🇨🇦 Lithuanians · Canada
1121
+15
🇻🇳 Turks · Vietnam
1097
-15
thdung17
10:33 Feudal Age
9:44 Loom
15:29 Castle Age
14:19 Forging
22:43 Scale Barding Armor
LBW92
9:38 Feudal Age
10:05 Loom
14:13 Castle Age
13:19 Horse Collar
14:37 Double-Bit Axe
Connection lost

Rejoining the realm…

Still unreachable

The connection could not be restored.

Session expired

The server has moved on; the page needs a fresh start.